[Event "Prague Open 2024"]
[Site "Prague"]
[Date "2024.01.09"]
[Round "6.14"]
[White "Gomes, Mary Ann"]
[Black "Dushatov, Timur"]
[Result "1/2-1/2"]
[ECO "A05"]
[WhiteElo "2332"]
[BlackElo "1976"]
[Annotator "TA"]
[PlyCount "86"]
[EventDate "2024.01.02"]
[EventType "swiss"]
[EventCountry "CZE"]
[SourceTitle "playchess.com"]
[Source "ChessBase"]
[SourceQuality "1"]
[TimeControl "40/5400+30:1800+30"]

1. Nf3 Nf6 2. g3 g6 3. b3 Bg7 4. Bb2 O-O 5. Bg2 d6 6. d3 e5 7. c4 Re8 8. Nfd2 a5 9. Nc3 c6 {[%emt 0:00:53] OK. Black has an edge.} 10. Nde4 Na6 {[%emt 0:05:42] Inaccurate} 11. O-O {[%emt 0:01:17] Inaccurate} Be6 {[%emt 0:03:19] Inaccurate} 12. Nxf6+ Bxf6 13. d4 {[%emt 0:00:34] OK} exd4 {[%emt 0:14:58] Best (Easy)} 14. Ne4 {[%emt 0:00:12] OK} Be5 {[%emt 0:00:52] next ...f5 is good for Black.} 15. f4 Bg7 {[%emt 0:08:15] [#] Hoping for ...d5. OK} 16. Bxd4 {[%emt 0:03:12] Best (Easy)} f6 {[%emt 0:05:31] Mistake (0.6)} ({Better is} 16... d5 $15 17. Bxg7 Kxg7 18. Qd4+ f6) 17. Nf2 Nc5 18. e4 {[%emt 0:02:17] Prevents Bf5. OK} a4 {[%emt 0:02:32] OK} 19. Qc2 Bf7 {[%emt 0:09:01] Inaccurate} 20. f5 {[%emt 0:01:30] Mistake (0.6)} ({White should play} 20. b4 $14 Na6 21. b5 (21. Qxa4 Bxc4 22. Rfb1 b5 $15) 21... cxb5 22. cxb5) 20... g5 {[%emt 0:01:13] Inaccurate} 21. Qc3 {[%emt 0:04:37] Inaccurate} Nd7 22. Nd3 {[%emt 0:07:45] OK} Ne5 {[%emt 0:00:26] OK} 23. Nxe5 {[%emt 0:07:44] OK} dxe5 24. Be3 {[%emt 0:00:05] OK} Re7 {[%emt 0:03:28] Inaccurate} 25. Bf3 {[%emt 0:07:21] OK} axb3 {[%emt 0:00:57] Inaccurate} 26. axb3 Rd7 27. Be2 {[%emt 0:00:38] OK} Qe8 28. Rxa8 {[%emt 0:00:52] OK} Qxa8 29. Ra1 {[%emt 0:00:35] Prevents Qa2. OK} Qe8 30. Kf2 Bh5 {[%emt 0:00:53] [#] White must now prevent ...Bxe2.} 31. g4 {[%emt 0:00:10] Best} Bf7 {[%emt 0:00:04] OK} 32. Ra7 Qd8 33. Qa1 {[%emt 0:01:59] Strongly threatening Ra8.} Qe7 {[%emt 0:02:03] OK} 34. Qa5 {[%emt 0:03:54] Threatens to win with Bc5.} Bf8 {[%emt 0:00:23][%cal Bg7f8,Bf8b4,Bb4a5,Ba5d8][%mdl 32] EV=20.47. Goes to d8 (dbg)). Best (Easy)} 35. Ra8 {[%emt 0:01:19] And now Bc5 would win. OK} Kg7 {[%emt 0:01:25] Best (Easy)} 36. Qb6 {[%emt 0:05:16] White is much more active. Inaccurate} (36. Qa7 $5 {keeps more tension.} Qb4 37. Qb8 Qd6 38. Qxd6 Bxd6 39. c5) 36... Qb4 {[%emt 0:01:46] Best (Easy)} 37. Qxb4 {[%emt 0:05:26] OK} Bxb4 38. Rc8 Ba5 39. Bc5 Rd8 {[%emt 0:00:06] Repels Ra8. OK} 40. Rxd8 {[%emt 0:00:28] OK} Bxd8 41. b4 {[%emt 0:30:40] OK} Be8 42. Bd6 {[%emt 0:00:00] Inaccurate} b5 {[%emt 0:00:00] OK} 43. c5 Bf7 {[%emt 0:00:00] Weighted Error Value: White=0.11 (very precise) /Black=0.14 (very precise) . OK.  Mistake:       	White=1     	Black=1      Inaccurate:     	White=4     	Black=6      OK:         	White=14    	Black=9      Best:        	White=2     	Black=4} 1/2-1/2

[Event "Prague Open 2024"]
[Site "Prague"]
[Date "2024.01.09"]
[Round "6.15"]
[White "Matras, Ondrej"]
[Black "Vidruska, Renate"]
[Result "1/2-1/2"]
[ECO "E46"]
[WhiteElo "2185"]
[BlackElo "1972"]
[Annotator "TA"]
[PlyCount "194"]
[EventDate "2024.01.02"]
[EventType "swiss"]
[EventCountry "CZE"]
[SourceTitle "playchess.com"]
[Source "ChessBase"]
[SourceQuality "1"]
[TimeControl "40/5400+30:1800+30"]

1. d4 Nf6 2. c4 e6 3. Nc3 Bb4 4. e3 O-O 5. Nge2 c5 6. a3 Bxc3+ 7. Nxc3 b6 8. Bd3 d5 9. cxd5 exd5 10. O-O Bb7 11. b3 Nbd7 12. Bb2 {[%emt 0:00:50] E44: Nimzo-Indian: Rubinstein: 4...b6 5 Ne2.} Rc8 {[%emt 0:02:48] [#]} 13. Rc1 $146 {[%emt 0:01:15] White is more active.} ({Predecessor:} 13. dxc5 bxc5 14. Nb5 Qb6 15. a4 c4 16. bxc4 dxc4 17. Bf5 Rcd8 18. Bd4 Nc5 19. Qc2 Qc6 {0-1 Vo,T (2035)-Le,P (2014) VIE-chT Ho Chi Minh City 2017 (5.43)}) 13... Qe7 14. Re1 {[%emt 0:12:52] White is slightly better.} Rfe8 15. Ne2 Ne4 16. f3 (16. Nf4 {is interesting.} Qh4 17. Rc2 Qg5 18. Bb5) 16... Nd6 17. Ng3 Qg5 18. f4 Qd8 19. Nf5 (19. Qh5 Nf6 20. Qf3 c4 $17) (19. dxc5 {feels hotter.} Nxc5 20. Qg4 g6 21. Bc2) 19... Nxf5 20. Bxf5 g6 {[%emt 0:00:59] [#]} (20... Rc6 $14) 21. Bxd7 $1 $16 Qxd7 22. dxc5 bxc5 {[%emt 0:15:40] [#]} 23. Rxc5 $3 {[%emt 0:00:40][%mdl 576] Remove Defender} d4 (23... Rxc5 24. Qd4) 24. Qxd4 $40 {[%emt 0:00:41][%mdl 128] Black is in trouble.} Qxd4 25. Bxd4 Rxc5 26. Bxc5 {[%emt 0:00:03][%mdl 4096] Endgame KRB-KRB} a5 27. Rd1 Rc8 28. b4 axb4 29. axb4 Bc6 30. Rd6 Be4 31. g4 h6 (31... f5 {is a better defense.} 32. h3 Rc7) 32. h4 $18 Bf3 33. g5 hxg5 34. hxg5 Rb8 35. Kf2 Be4 36. Ke1 Rc8 37. Kd2 Bf5 38. Kc3 Kf8 (38... Rb8 $142 39. Kd4 Bh3) 39. e4 ({Inferior is} 39. Rxg6+ Rxc5+ 40. bxc5 Bxg6 $11) 39... Bg4 40. Kd4 Ke8 41. Ke5 Bd7 (41... Rd8 $142 42. Rb6 Be2) 42. Ra6 Rc6 43. Ra8+ Bc8 44. Bd6 (44. Kd4 $142 Kd7 45. b5) 44... Kd8 45. Kd5 (45. b5 $142 Rb6 46. Kd5 Rxb5+ 47. Kc6) 45... Ra6 46. Rb8 Kd7 47. Be5 Ra7 48. Rb6 Bb7+ 49. Kd4 {[%emt 0:00:00] Hoping for Bb8.} Bc6 50. f5 Ra1 51. Bb8 Rd1+ {[%emt 0:00:00] [#]} 52. Ke5 ({Only move:} 52. Ke3 $1 $18) 52... Re1 $16 53. Kf6 ({White should try} 53. fxg6 $16 Rxe4+ 54. Kf6 fxg6 55. Kxg6) 53... Bxe4 $14 54. fxg6 Bxg6 55. Bf4 Rf1 56. Rd6+ Kc8 57. Rd4 Kb7 58. Ke7 Kb6 59. Bd2 Rf5 60. Rd8 Kb5 61. Kf8 Kc4 62. Kg7 Rd5 63. Rc8+ Kb5 (63... Kb3 $5 ) 64. Rb8+ Kc6 65. Be3 Rb5 66. Rc8+ Kb7 67. Rc4 $1 Re5 68. Rc3 Rf5 69. Kh6 Re5 70. Bc5 Ka6 71. Ra3+ Kb5 72. Bf8 {[%emt 0:00:21] Threatens to win with Ra5+.} Kb6 {[%emt 0:02:16] Against Ra5} 73. Rf3 Re6 74. Kg7 {[%emt 0:00:25] Black must now prevent Rxf7.} Bh5 75. Rxf7 {Rf6 would be deadly.} Rg6+ {[%emt 0:00:21] The position is equal.} 76. Kh7 {[%emt 0:00:45] Threatening mate with Rf6+.} Rxg5 77. Rf6+ Kb5 78. Kh6 Rd5 79. Bc5 Bd1 80. Rb6+ Kc4 81. Kg6 Bc2+ 82. Kf6 Rh5 83. Rb8 Rh6+ 84. Ke5 Rh5+ 85. Kd6 Rh6+ 86. Kc7 Be4 87. Rd8 {[%emt 0:00:24] And now Rd4+ would win.} Bd5 88. Bd6 Kb5 89. Rb8+ Kc4 90. Kd7 Be6+ 91. Kc7 Bd5 92. Rd8 Kb5 93. Rb8+ Kc4 94. b5 Rh7+ 95. Kb6 Rb7+ {[%emt 0:00:24][%mdl 64] Deflection} 96. Rxb7 Bxb7 97. Kxb7 {[%emt 0:00:03] White threatens Kc6 and mate.} Kxb5 {[%emt 0:00:04] Black defended with fortune.   Weighted Error Value: White=0.06 (flawless) /Black=0.30} 1/2-1/2

[Event "Prague Open 2024"]
[Site "Prague"]
[Date "2024.01.09"]
[Round "6.16"]
[White "Striskova, Lucia"]
[Black "Rakovsky, Jakub"]
[Result "0-1"]
[ECO "C44"]
[WhiteElo "1975"]
[BlackElo "2157"]
[Annotator "TA"]
[PlyCount "60"]
[EventDate "2024.01.02"]
[EventType "swiss"]
[EventCountry "CZE"]
[SourceTitle "playchess.com"]
[Source "ChessBase"]
[SourceQuality "1"]
[TimeControl "40/5400+30:1800+30"]

1. e4 e5 2. Nf3 Nc6 3. d4 exd4 4. Nxd4 Nf6 5. Nc3 Bb4 6. Nxc6 bxc6 7. Bd3 d5 8. exd5 O-O 9. O-O cxd5 10. Bg5 c6 11. Qf3 Be7 12. h3 h6 13. Bf4 {[%emt 0:02:00] C47: Scotch Four Knights and Four Knights with 4 g3.} Bd6 14. Rfe1 {[%emt 0:01:18] 14.Rfe1 has lost popularity.} Rb8 15. b3 {[%emt 0:02:54] White has an edge.} Rb4 16. Be5 {[%emt 0:04:38] [#]} Be6 $146 ({Predecessor:} 16... Bxe5 17. Rxe5 Qd6 18. Rae1 Be6 19. Bf5 Bxf5 20. Qxf5 a5 21. a3 Rbb8 22. a4 Qb4 23. Qd3 Rbd8 {0-1 Mickiewicz,P (2331)-Bologan,V (2574) Titled Tuesday intern op 16th Nov blitz 2021 (8)}) 17. a3 Rb7 (17... Bxe5 {simplifies} 18. Rxe5 Rb8 19. Ree1 Qd6) 18. Qg3 (18. Bxd6 {simplifies} Qxd6 19. Ne2 Bd7 20. Qf4) 18... Nh5 19. Qh2 Bc5 (19... Bxe5 $11 {remains equal.} 20. Qxe5 Nf6) 20. Na4 Be7 21. Ba6 (21. b4 {is interesting.} f6 22. Bd4 Bd6 23. g3) 21... Rd7 22. b4 (22. Be2 $5 Nf6 23. Qg3 $14) 22... Nf6 (22... Bf5 $11) 23. Qg3 $16 Bf5 24. Re2 ({Better is} 24. Bd3 $16 Nh5 25. Qf3) 24... Bd6 (24... Bg6 $1 $11) 25. Bxd6 Rxd6 26. Nc5 (26. Qf4 $14 Bg6 27. Rae1) 26... Ne4 $11 27. Nxe4 Bxe4 28. Qe3 Re6 {[%emt 0:02:05][%cal Oe4g2] Threatens to win with ...Bxg2!} 29. Qd2 {[%emt 0:02:15] [#]} (29. Qxa7 $11 Rg6 30. f3 Bxf3 31. Rf2) 29... Rg6 $1 $17 30. f4 $2 (30. f3 $17) 30... Qb6+ {[%emt 0:00:19] Weighted Error Value: White=0.54/Black=0.22 (precise)} 0-1

[Event "Prague Open 2024"]
[Site "Prague"]
[Date "2024.01.09"]
[Round "6.17"]
[White "Golis, Wiktor"]
[Black "Zielonka, Adam"]
[Result "1-0"]
[ECO "E16"]
[WhiteElo "2123"]
[BlackElo "1966"]
[Annotator "TA"]
[PlyCount "67"]
[EventDate "2024.01.02"]
[EventType "swiss"]
[EventCountry "CZE"]
[SourceTitle "playchess.com"]
[Source "ChessBase"]
[SourceQuality "1"]
[TimeControl "40/5400+30:1800+30"]

1. d4 Nf6 2. c4 e6 3. Nf3 Bb4+ 4. Bd2 Qe7 5. e3 Bxd2+ 6. Qxd2 d6 7. Nc3 {[%emt 0:00:29] E11: Bogo-Indian.} O-O 8. Bd3 e5 {[%emt 0:01:14] And now ...e4 would win.} 9. Bc2 {[%emt 0:01:24] The position is equal.} c6 {[%emt 0:09:46] [#]} 10. O-O $146 ({Predecessor:} 10. O-O-O Re8 11. Ng5 Na6 12. h3 Nb4 13. Bb1 h6 14. dxe5 dxe5 15. Nge4 a5 16. a3 {½-½ Sebenik,M (2498)-Gazik,V (2542) Mitropa Cup Online 2021 (1.1)}) 10... Bg4 11. Ne1 Re8 12. f3 Be6 13. b3 exd4 14. exd4 c5 {[%emt 0:03:50] [#]} (14... Na6 $11 {keeps the balance.}) 15. d5 $1 $16 {[%emt 0:05:37] White is more active. Black is on the road to losing.} Bd7 16. Nd3 $36 {[%emt 0:00:35][%cal Be1d3,Bd3f4,Bf4e2,Be2g3,Bg3e4][%mdl 2080] White is pushing.} Qe3+ 17. Qxe3 Rxe3 18. Kf2 Re8 19. g4 {[%emt 0:01:01] aiming for g5.} h6 (19... Na6 $16) 20. Nf4 g5 (20... Re5 $16 21. h4 Na6) 21. Nfe2 $18 Kf8 22. Ng3 Ke7 23. Rae1+ Kd8 24. Nce4 Nxe4+ 25. Nxe4 Kc7 26. Nf6 {[%emt 0:00:08][%mdl 64] [#] Discovered Attack} Rxe1 (26... Re5 $142 27. Rxe5 dxe5) 27. Rxe1 {[%emt 0:00:01] Re7 would be deadly.} Kd8 {[%emt 0:00:01] Dodges Re7} (27... Na6 $142 28. Re7 Rd8 29. Rxf7 b6) 28. Bf5 Bxf5 29. Re8+ Kc7 30. gxf5 {[%emt 0:00:07] White is clearly winning.} a5 31. Re7+ Kb6 32. Rxf7 a4 33. Ne4 axb3 34. axb3 {[%emt 0:00:10] Weighted Error Value: White=0.07 (flawless) /Black=0.39} 1-0

[Event "Prague Open 2024"]
[Site "Prague"]
[Date "2024.01.09"]
[Round "6.18"]
[White "Zemlicka, Vit"]
[Black "Krstic, Andrija Marko"]
[Result "0-1"]
[ECO "B57"]
[WhiteElo "1964"]
[BlackElo "2113"]
[Annotator "TA"]
[PlyCount "76"]
[EventDate "2024.01.02"]
[EventType "swiss"]
[EventCountry "CZE"]
[SourceTitle "playchess.com"]
[Source "ChessBase"]
[SourceQuality "1"]
[TimeControl "40/5400+30:1800+30"]

1. e4 c5 2. Nf3 d6 3. d4 cxd4 4. Nxd4 Nf6 5. Nc3 Nc6 6. Bc4 Qb6 7. Nxc6 bxc6 8. O-O g6 9. Qe1 {[%emt 0:06:49] B57: Classical Sicilian: Sozin with 6...Qb6.} Bg7 10. e5 dxe5 11. Qxe5 {[%emt 0:01:03] The position is equal.} Qb4 {[%emt 0:00:50] [#]} 12. Qe2 $146 ({Predecessor:} 12. Qd4 Be6 13. b3 Rd8 14. a3 Qa5 15. Qe3 Ng4 16. Qe4 Qxc3 17. Qxc6+ Bd7 18. Qd5 {0-1 Matinian,N (2475)-Gabrielian,A (2463) PNWCC Online blitz JP 19th 2020 (9)}) 12... O-O 13. a3 Qd6 14. h3 Nd5 15. Ne4 Qe5 16. Rb1 Rb8 17. Qf3 Bf5 18. Re1 Rfd8 19. Bb3 h6 20. c4 {[%emt 0:09:15] [#]} (20. g4 $11) 20... Bxe4 $1 $17 {[%emt 0:10:26] Black continues to play with concentration.} 21. Qxe4 Qxe4 22. Rxe4 Rxb3 23. cxd5 Rxd5 {[%emt 0:00:18] And now ...Rd1+ would win.} 24. Rxe7 (24. Be3 $17) 24... Rd1+ $19 25. Kh2 Rf1 26. Re2 (26. Re8+ $142 Kh7 27. Re7) 26... Rd3 27. g3 Rdd1 28. Rc2 c5 29. Kg2 Bd4 30. b4 {[%emt 0:00:16] [#]} (30. g4 $142) 30... c4 $1 31. a4 (31. Kf3 c3) 31... g5 32. b5 Bb6 {[%emt 0:02:10] aiming for ...f5.} 33. Kf3 f5 {[%emt 0:00:57][%cal Oc4c3] Threatens to win with ...c3!} 34. Ra1 h5 {[%emt 0:05:18][%cal Oc4c3,Bh6h5,Bh5g4][%mdl 32] Hoping for ...c3!} 35. a5 Bc7 {[%emt 0:00:13] ( -> ...g4+)} 36. Rxc4 (36. g4 Be5 37. Ra4 Rxc1 38. Rxc1 Rxc1 39. gxh5) 36... Be5 $2 (36... g4+ 37. hxg4 hxg4+ 38. Rxg4+ fxg4+ 39. Kxg4 Rxc1) 37. Rb1 $2 ({Don't blunder} 37. Rc8+ $2 Kf7 $19) (37. Bb2 g4+ 38. hxg4 hxg4+ 39. Kg2 Rg1+ 40. Kh2 Rh1+ 41. Kg2 Rhg1+ 42. Kh2 Rxa1 43. Bxa1 Rxa1 44. Rc5) 37... g4+ 38. hxg4 hxg4+ {[%emt 0:00:06] Weighted Error Value: White=0.68/Black=0.24 (precise)} 0-1

[Event "Prague Open 2024"]
[Site "Prague"]
[Date "2024.01.09"]
[Round "6.19"]
[White "Shao, Wenbin"]
[Black "Elashvili, Giorgi"]
[Result "1/2-1/2"]
[ECO "B35"]
[WhiteElo "2112"]
[BlackElo "1942"]
[Annotator "TA"]
[PlyCount "119"]
[EventDate "2024.01.02"]
[EventType "swiss"]
[EventCountry "CZE"]
[SourceTitle "playchess.com"]
[Source "ChessBase"]
[SourceQuality "1"]
[TimeControl "40/5400+30:1800+30"]

1. e4 c5 2. Nf3 Nc6 3. d4 cxd4 4. Nxd4 g6 5. Nc3 Bg7 6. Be3 Nf6 7. Bc4 O-O 8. Bb3 Re8 {[%emt 0:01:16] B35: Sicilian: Accelerated Dragon with 5 Nc3: main line.} 9. h4 d5 10. exd5 Nb4 (10... Na5 $14) 11. Nde2 {[%emt 0:01:20] [#]} (11. h5 $16) 11... e6 $146 ({Predecessor:} 11... Ng4 12. Bc5 Na6 13. Bd4 e5 14. dxe6 Bxe6 15. Bxg7 Kxg7 16. h5 Bxb3 17. axb3 Nb4 18. Qxd8 Raxd8 {0-1 Mihok,O (2547)-Suarez Uriel,A (2352) Titled Tuesday intern op 04th Jan blitz 2022 (5)}) 12. d6 Nbd5 13. Bg5 Qxd6 14. Qd2 Qe5 15. f3 b6 (15... b5 $5) 16. O-O-O Ba6 17. Rhe1 {[%emt 0:01:51] aiming for Nf4.} Nxc3 18. Nxc3 Qf5 19. Qd6 {[%emt 0:04:50] Re5 would be deadly.} h6 20. Be3 (20. Bf4 {seems wilder.} Bf8 21. Qc7 Rac8 22. g4) 20... Rac8 21. Qd2 Bc4 (21... Kh7 $11 {keeps the balance.}) 22. Bxh6 $16 Bh8 23. Qg5 Qxg5+ 24. Bxg5 (24. hxg5 Nd5) 24... Bxb3 25. axb3 Nh7 26. Ne4 {[%emt 0:00:08] And now Nd6 would win.} Rc6 27. Be3 Rec8 {[%emt 0:00:06] Black is weak on the dark squares} 28. c3 Nf6 29. Bd4 {[%emt 0:01:36] White is more active.} Nd5 30. Bxh8 Kxh8 31. Kb1 b5 32. g3 Kg7 33. Rd4 a5 34. Ng5 (34. Kc2 $16) 34... R8c7 35. Ne4 Rc8 $1 36. Nf2 (36. Kc2 $16) 36... Nf6 (36... a4 $1 $14) 37. Nd3 Nd5 38. Ne5 R6c7 39. Ng4 (39. Kc2 $16) 39... Ne7 (39... Nxc3+ $1 $11 {remains equal.} 40. bxc3 Rxc3) 40. Ne3 Nf5 41. Nxf5+ gxf5 {[%emt 0:30:19][%mdl 4096] Endgame KRR-KRR} 42. g4 Kf6 43. Kc2 Rc5 44. Ra1 b4 45. c4 Rg8 46. Rad1 Rh8 47. Rh1 Kg6 (47... Ke7 $16 {was necessary.} 48. h5 e5) 48. Kd2 $18 fxg4 49. fxg4 Re5 50. Rh2 Rh7 (50... f6 $16 51. Rd6 Rh7) 51. Kd3 f6 (51... Rh8 $142 52. Rd7 f6 53. h5+ Kg5 54. Rg7+ Kf4) 52. Rd8 Rg7 53. Rf2 (53. Re2 $142 $1 ) 53... Rh7 54. Rh2 (54. h5+ $18 Kg5 55. Rg8+ {[%mdl 64] Deflection} Kh4 56. Rd2 (56. Rxf6 Rd7+ 57. Kc2 Re2+ 58. Kc1 Re1+ 59. Kc2 Re2+ 60. Kc1 Re1+ 61. Kc2 Re2+ $11)) 54... Re1 $2 (54... Rg7 $1 $11 {and Black stays safe.}) 55. Rg8+ Kf7 56. Ra8 {Ra7+ is the strong threat.} Kg6 57. Rg8+ Kf7 {[#]} 58. Ra8 (58. Rc8 $1 $18 ) 58... Rg1 $2 (58... Kg6 $1 $11) 59. Ra7+ (59. Rxa5 Rg3+ 60. Kc2 Rxg4 61. Ra7+ Kg8 62. Rxh7 Kxh7 $18) 59... Kg6 {[#]} 60. Ke4 $4 {[%mdl 40960] What a fight!   Weighted Error Value: White=0.36/Black=0.42. An unexpected result.} 1/2-1/2

[Event "Prague Open 2024"]
[Site "Prague"]
[Date "2024.01.09"]
[Round "6.20"]
[White "Trapl, Dalibor"]
[Black "Lilliehook, Victor"]
[Result "1-0"]
[ECO "B33"]
[WhiteElo "2108"]
[BlackElo "1934"]
[Annotator "TA"]
[PlyCount "55"]
[EventDate "2024.01.02"]
[EventType "swiss"]
[EventCountry "CZE"]
[SourceTitle "playchess.com"]
[Source "ChessBase"]
[SourceQuality "1"]
[TimeControl "40/5400+30:1800+30"]

1. e4 c5 2. Nf3 Nc6 3. d4 cxd4 4. Nxd4 Nf6 5. Nc3 e5 6. Ndb5 d6 7. Bg5 a6 8. Na3 b5 9. Nd5 Be7 10. Bxf6 Bxf6 11. c4 b4 12. Nc2 a5 13. Qf3 {[%emt 0:01:07] B33: Sicilian: Pelikan and Sveshnikov Variations.} Bg5 {[%emt 0:04:30] [#] 13...Be6 might become the main line.} 14. h4 $1 Be7 15. Rd1 {[%emt 0:04:00][%cal Oc4c5] White has an edge.} Be6 16. c5 {[%emt 0:05:53] [#] Bb5 is the strong threat.} Bf8 $146 ({Black should try} 16... O-O $14) ({Predecessor:} 16... Bxd5 17. Rxd5 Qc7 18. cxd6 Bxd6 19. Qd1 Rd8 20. Rh3 O-O 21. Rhd3 Be7 22. g3 Rxd5 23. Rxd5 {1-0 Shlyakhtenko,R (2342)-Juarez Flores,G (2108) Titled Tuesday intern op 30th June blitz 2020 (4)}) 17. Bb5 $18 Bd7 18. Nb6 {[%emt 0:09:35] Excellent horsemanship.} Rb8 19. Qd3 {[%emt 0:09:51] Nxd7 would be deadly.} (19. Bc4 Be6 20. Qb3 (20. Bxe6 fxe6 21. Nc4 Qf6 $18) 20... Rxb6 $18) 19... Qc7 (19... Rxb6 20. cxb6 Qxb6) 20. Nxd7 (20. cxd6 $2 {perishes.} Qxb6 21. Ba4 g6 $17) 20... Kxd7 {[%emt 0:02:40] Black is weak on the light squares} (20... Qxd7 $142 21. cxd6 b3) 21. Ne3 Qb7 22. Ba4 b3 23. O-O ({Weaker is} 23. Bxb3 Qb4+ 24. Rd2 Qxc5 $18) 23... bxa2 24. Nc4 Kc7 25. Qd5 (25. cxd6+ $142 Kd8 26. Qd5) 25... Rd8 26. Nxd6 Qa8 27. Bxc6 Qxc6 {[%emt 0:00:02] [#]} 28. Nb5+ $1 {[%emt 0:00:12][%mdl 576] Discovered Attack. Black got outplayed after the opening. A fantastic game!   Weighted Error Value: White=0.62/Black=1.29} 1-0

[Event "Prague Open 2024"]
[Site "Prague"]
[Date "2024.01.10"]
[Round "7.1"]
[White "Mis, Mieszko"]
[Black "Sowinski, Pawel"]
[Result "1-0"]
[ECO "D47"]
[WhiteElo "2301"]
[BlackElo "2357"]
[Annotator "RC"]
[PlyCount "89"]
[EventDate "2024.01.02"]
[EventType "swiss"]
[EventCountry "CZE"]
[SourceTitle "playchess.com"]
[Source "ChessBase"]
[SourceQuality "1"]
[TimeControl "40/5400+30:1800+30"]

1. d4 d5 2. Nf3 Nf6 3. c4 e6 4. Nc3 c6 5. e3 Nbd7 6. Bd3 dxc4 7. Bxc4 b5 8. Bd3 Bd6 9. O-O O-O 10. Qc2 Bb7 11. Ng5 h6 12. Nge4 Be7 13. Rd1 Qb6 14. Nxf6+ Nxf6 15. Qe2 b4 16. Na4 Qa5 17. b3 c5 18. Nxc5 Bxc5 19. dxc5 Qxc5 20. e4 Rfd8 21. Be3 Qa5 22. f3 Rac8 23. Rac1 Nd7 24. Bb5 Nb8 25. Rxd8+ Rxd8 26. Ba4 Ba6 27. Qb2 Rd3 28. Qf2 Qd8 29. h3 Nd7 30. Bxa7 Ne5 31. Qg3 Qd6 32. Bf2 f6 33. Re1 Rd2 34. Be3 Rxa2 35. Bxh6 g5 36. h4 Qd4+ 37. Kh1 Qf2 38. Qxf2 Rxf2 39. hxg5 Nf7 40. Rc1 fxg5 41. Rc6 Bf1 42. Kg1 Rxg2+ 43. Kxf1 Rh2 44. Rc8+ Kh7 45. Bf8 1-0

[Event "Prague Open 2024"]
[Site "Prague"]
[Date "2024.01.10"]
[Round "7.2"]
[White "Mohylnyi, Stepan"]
[Black "Tobak, Mikhail"]
[Result "0-1"]
[ECO "B16"]
[WhiteElo "2180"]
[BlackElo "2288"]
[Annotator "RC"]
[PlyCount "118"]
[EventDate "2024.01.02"]
[EventType "swiss"]
[EventCountry "CZE"]
[SourceTitle "playchess.com"]
[Source "ChessBase"]
[SourceQuality "1"]
[TimeControl "40/5400+30:1800+30"]

1. e4 c6 2. d4 d5 3. Nc3 dxe4 4. Nxe4 Nf6 5. Nxf6+ gxf6 6. Nf3 Bg4 7. h3 Bf5 8. Bd3 Rg8 9. g4 Bg6 10. Bxg6 hxg6 11. Qe2 Qa5+ 12. Bd2 Qa6 13. Qxa6 Nxa6 14. h4 O-O-O 15. O-O-O Rh8 16. h5 Bh6 17. g5 Bxg5 18. Nxg5 fxg5 19. hxg6 f6 20. f4 gxf4 21. Bxf4 Rxh1 22. Rxh1 Rg8 23. Rg1 Nb4 24. Kd2 Nd5 25. Be3 e6 26. Bf2 Kd7 27. Bh4 b5 28. Rg3 a5 29. a4 Rh8 30. g7 Rg8 31. axb5 cxb5 32. Ra3 a4 33. b3 Rxg7 34. bxa4 Rg2+ 35. Kc1 b4 36. Rf3 f5 37. Kb2 Rg1 38. Rb3 Rf1 39. Bg5 f4 40. a5 Rg1 41. Bxf4 Nxf4 42. Rxb4 Rg5 43. Ra4 Nd5 44. c4 Rg2+ 45. Kb3 Ne7 46. a6 Rg8 47. a7 Ra8 48. Kb4 Nc8 49. Kc5 Rxa7 50. Rxa7+ Nxa7 51. d5 e5 52. d6 Ke6 53. d7 Kxd7 54. Kd5 Nc6 55. c5 Kc7 56. Ke4 Kc8 57. Ke3 Kb7 58. Ke4 Ka6 59. Kd5 Kb5 0-1

[Event "Prague Open 2024"]
[Site "Prague"]
[Date "2024.01.10"]
[Round "7.3"]
[White "Stanojevic, Ilija"]
[Black "Ivanov, Mike"]
[Result "1/2-1/2"]
[ECO "A61"]
[WhiteElo "2206"]
[BlackElo "2356"]
[Annotator "RC"]
[PlyCount "79"]
[EventDate "2024.01.02"]
[EventType "swiss"]
[EventCountry "CZE"]
[SourceTitle "playchess.com"]
[Source "ChessBase"]
[SourceQuality "1"]
[TimeControl "40/5400+30:1800+30"]

1. d4 Nf6 2. c4 c5 3. d5 e6 4. Nc3 exd5 5. cxd5 d6 6. Nf3 g6 7. Nd2 Nbd7 8. e4 Bg7 9. Be2 O-O 10. O-O Re8 11. a4 h6 12. Ra3 Ne5 13. f4 Ned7 14. Bf3 a6 15. Rb3 c4 16. Nxc4 Qc7 17. Ne3 Nc5 18. Rb4 Nfd7 19. Kh1 Rb8 20. Re1 Qa5 21. Rc4 b5 22. b4 Qd8 23. axb5 axb5 24. Nxb5 Nxe4 25. Rxe4 Rxe4 26. Bxe4 Rxb5 27. Bd2 Nf6 28. Bd3 Rb8 29. Qf3 Qb6 30. f5 g5 31. Nc4 Qd4 32. Nxd6 Bd7 33. Ne4 Nxd5 34. f6 Bf8 35. Qg3 Bf5 36. Qxb8 Qxd3 37. Nd6 Bd7 38. Ne4 Bf5 39. Nd6 Bd7 40. Ne4 1/2-1/2

[Event "Prague Open 2024"]
[Site "Prague"]
[Date "2024.01.10"]
[Round "7.4"]
[White "Berin, Artem"]
[Black "Pyrig, Roman"]
[Result "0-1"]
[ECO "A06"]
[WhiteElo "2327"]
[BlackElo "2154"]
[Annotator "RC"]
[PlyCount "142"]
[EventDate "2024.01.02"]
[EventType "swiss"]
[EventCountry "CZE"]
[SourceTitle "playchess.com"]
[Source "ChessBase"]
[SourceQuality "1"]
[TimeControl "40/5400+30:1800+30"]

1. Nf3 d5 2. g3 Nf6 3. Bg2 Bf5 4. O-O e6 5. d3 h6 6. b3 a5 7. c4 c6 8. Bb2 Be7 9. Nbd2 O-O 10. Re1 Bh7 11. Qc2 a4 12. Bc3 Nbd7 13. b4 dxc4 14. Nxc4 Nd5 15. Rab1 Nxc3 16. Qxc3 Nb6 17. e4 Bf6 18. Qc2 Nxc4 19. Qxc4 a3 20. Rb3 Bb2 21. Nd2 b5 22. Qxc6 Qb8 23. e5 Ra7 24. Be4 Bxe4 25. Qxe4 Rd8 26. Nf3 Rc7 27. g4 Rdc8 28. g5 Rc1 29. Rxc1 Rxc1+ 30. Kg2 Qd8 31. gxh6 gxh6 32. Qf4 Qf8 33. d4 Qg7+ 34. Kh3 h5 35. Ng5 Rg1 36. Rg3 Bc1 37. Rxg1 Bxf4 38. Nf3 Qxg1 39. Nxg1 Bd2 40. Ne2 Bxb4 41. Nc1 Kg7 42. Kg3 Kg6 43. Nb3 Kf5 44. Kf3 Bc3 45. h3 Bb4 46. Na1 Be7 47. Nc2 b4 48. Na1 f6 49. exf6 Bxf6 50. Nb3 Bg5 51. Na1 Bd8 52. Nb3 Bb6 53. Na1 Bxd4 54. Nb3 Ba7 55. Nc1 Bb6 56. Nb3 Ba7 57. Nc1 e5 58. Nb3 e4+ 59. Ke2 Kg5 60. Kf1 Kh4 61. Kg2 Bxf2 62. Kxf2 Kxh3 63. Nd4 e3+ 64. Kf3 h4 65. Nc2 e2 66. Kxe2 b3 67. axb3 Kg2 68. Ne1+ Kg1 69. Nf3+ Kh1 70. Ne1 a2 71. Nc2 Kg1 0-1